NYP
LOS ANGELES (NYP) ANGELS @ SPOKANE INDIANS
08/20/2047
 
TOP OF THE 1ST
Los Angeles (NYP) Angels batting - Pitching for Spokane Indians : LHP Chris P. Bacon
Pitching: LHP Chris P. Bacon
Batting: LHB Dave Hicks 0-0: Ball
1-0: Ball
2-0: Called Strike
2-1: Foul Ball, location: 2F
2-2: Strikes out looking
Batting: RHB Ricky Mejicanos 0-0: Ball
1-0: Ball
2-0: Foul Ball, location: 2F
2-1: Ground out 5-3 (Groundball, 56, EV 90.6 MPH)
Batting: RHB Juan Montez 0-0: Called Strike
0-1: Fly out, F2 (Popup, 23F, EV 86.9 MPH)
Top of the 1st over - 0 runs, 0 hits, 0 errors, 0 left on base; Los Angeles (NYP) 0 - Spokane 0
BOTTOM OF THE 1ST
Spokane Indians batting - Pitching for Los Angeles (NYP) Angels : RHP Tim Mumpower
Pitching: RHP Tim Mumpower
Batting: RHB Danny Odom 0-0: Swinging Strike
0-1: Ball
1-1: Ball
2-1: Foul Ball, location: 2F
2-2: Strikes out swinging
Batting: LHB Gabriel Graves 0-0: Ball
1-0: Called Strike
1-1: Called Strike
1-2: Ground out U3 (Groundball, 3, EV 80.0 MPH)
Batting: LHB Nick Foutz 0-0: Swinging Strike
0-1: Ground out 6-3 (Groundball, 6M, EV 77.5 MPH)
Bottom of the 1st over - 0 runs, 0 hits, 0 errors, 0 left on base; Los Angeles (NYP) 0 - Spokane 0
TOP OF THE 2ND
Los Angeles (NYP) Angels batting - Pitching for Spokane Indians : LHP Chris P. Bacon
Batting: LHB Matthew Bale 0-0: Foul Ball, location: 2F
0-1: Ball
1-1: Ball
2-1: Swinging Strike
2-2: Ground out 4-3 (Groundball, 4, EV 86.9 MPH)
Batting: RHB Phil Knox 0-0: Called Strike
0-1: Ball
1-1: Ground out 6-3 (Groundball, 6S, EV 88.1 MPH)
Batting: RHB Dean LeCroy 0-0: Ball
1-0: Called Strike
1-1: Swinging Strike
1-2: Ball
2-2: Foul Ball, location: 2F
2-2: Ground out 5-3 (Groundball, 5, EV 89.4 MPH)
Top of the 2nd over - 0 runs, 0 hits, 0 errors, 0 left on base; Los Angeles (NYP) 0 - Spokane 0
BOTTOM OF THE 2ND
Spokane Indians batting - Pitching for Los Angeles (NYP) Angels : RHP Tim Mumpower
Batting: SHB Devin Hottenstein 0-0: Called Strike
0-1: Foul Ball, location: 2F
0-2: Ball
1-2: Foul Ball, location: 2F
1-2: Ball
2-2: Fly out, F8 (Flyball, 8LM, EV 95.6 MPH)
Batting: LHB Caleb Domino 0-0: Called Strike
0-1: Ball
1-1: Ball
2-1: Foul Ball, location: 2F
2-2: Ball
3-2: Fly out, F4 (Flyball, 34D, EV 92.5 MPH)
Batting: RHB Shoh Tanioka 0-0: Ball
1-0: Called Strike
1-1: Ball
2-1: Ball
3-1: Foul Ball, location: 2F
3-2: Base on Balls
Batting: RHB Zach Thomason 0-0: Called Strike
0-1: Fielders Choice at 2nd, 6-4 (Groundball, 6, EV 89.4 MPH)
Bottom of the 2nd over - 0 runs, 0 hits, 0 errors, 1 left on base; Los Angeles (NYP) 0 - Spokane 0
TOP OF THE 3RD
Los Angeles (NYP) Angels batting - Pitching for Spokane Indians : LHP Chris P. Bacon
Batting: RHB T.J. Gray 0-0: Ball
1-0: Foul Ball, location: 2F
1-1: Ball
2-1: DOUBLE (Line Drive, 9LM, EV 93.8 MPH)
Batting: LHB Spencer Palmer 0-0: Called Strike
0-1: Ball
1-1: Called Strike
1-2: Foul Ball, location: 2F
1-2: Foul Ball, location: 2F
1-2: Fly out, F7 (Flyball, 7S, EV 72.5 MPH)
Batting: RHB Ron Major 0-0: Ball
1-0: Ground out 5-3 (Groundball, 56S, EV 84.4 MPH)
Batting: LHB Dave Hicks 0-0: SINGLE (Groundball, 34D, EV 101.9 MPH)
T.J. Gray to third
Runner from 3rd tries for Home, SAFE, throw by RF to home
Batting: RHB Ricky Mejicanos 0-0: Fielders Choice at 2nd, 6-4 (Groundball, 6, EV 86.9 MPH)
Top of the 3rd over - 1 run, 2 hits, 0 errors, 1 left on base; Los Angeles (NYP) 1 - Spokane 0
BOTTOM OF THE 3RD
Spokane Indians batting - Pitching for Los Angeles (NYP) Angels : RHP Tim Mumpower
Batting: SHB Brace Harper 0-0: Ball
1-0: Ball
2-0: DOUBLE (Flyball, 8RXD, EV 91.9 MPH)
Batting: SHB Santos Renteria 0-0: Ball
Brace Harper steals 3rd base
1-0: Ground out 6-3 (Groundball, 6, EV 107.5 MPH)
Brace Harper scores
Batting: RHB Danny Odom 0-0: Ball
1-0: Called Strike
1-1: Foul Ball, location: 2F
1-2: Foul Ball, location: 2F
1-2: Fly out, F8 (Flyball, 8RM, EV 81.2 MPH)
Batting: LHB Gabriel Graves 0-0: Called Strike
0-1: Ball
1-1: Ball
2-1: SOLO HOME RUN (Flyball, 9D, EV 96.2 MPH), Distance : 359 ft
Batting: LHB Nick Foutz 0-0: Called Strike
0-1: Called Strike
0-2: SINGLE (Groundball, 4MD, EV 95.6 MPH)
Batting: SHB Devin Hottenstein 0-0: Called Strike
Nick Foutz steals 2nd base
0-1: Ball
1-1: Foul Ball, location: 2F
1-2: Ball
2-2: Ball
3-2: SINGLE (Flyball, 9LS, EV 98.8 MPH)
Nick Foutz to third
Runner from 3rd tries for Home, throw by RF and OUT! 9-2
Bottom of the 3rd over - 2 runs, 4 hits, 0 errors, 1 left on base; Los Angeles (NYP) 1 - Spokane 2
TOP OF THE 4TH
Los Angeles (NYP) Angels batting - Pitching for Spokane Indians : LHP Chris P. Bacon
Batting: RHB Juan Montez 0-0: Called Strike
0-1: Ball
1-1: SINGLE (Groundball, 6MD, EV 109.4 MPH)
Batting: LHB Matthew Bale 0-0: Ball
1-0: Foul Ball, location: 2F
1-1: Called Strike
1-2: Foul Ball, location: 2F
1-2: Foul Ball, location: 2F
1-2: Ball
2-2: Foul Ball, location: 2F
2-2: Strikes out swinging
Batting: RHB Phil Knox 0-0: Ball
1-0: Called Strike
1-1: Ball
2-1: Ball
3-1: Foul Ball, location: 2F
3-2: Fly out, F4 (Popup, 13, EV 82.5 MPH)
Batting: RHB Dean LeCroy 0-0: Ball
1-0: Ball
2-0: Ball
3-0: Called Strike
3-1: Swinging Strike
3-2: Foul Ball, location: 2F
3-2: Base on Balls
Juan Montez to second
Batting: RHB T.J. Gray 0-0: Ball
1-0: Ball
2-0: Foul Ball, location: 2F
2-1: SINGLE (Groundball, 56D, EV 96.2 MPH)
Juan Montez to third
Dean LeCroy to second
Runner from 3rd tries for Home, SAFE, throw by LF to home
Batting: LHB Spencer Palmer 0-0: Ball
1-0: Foul Ball, location: 2F
1-1: Foul Ball, location: 2F
1-2: SINGLE (Line Drive, 89S, EV 88.1 MPH)
Dean LeCroy to third
T.J. Gray to second
Runner from 3rd tries for Home, SAFE, throw by RF to home
T.J. Gray to third
Spencer Palmer to second
Batting: RHB Ron Major 0-0: Foul Ball, location: 2F
0-1: Ball
1-1: Ground out 5-3 (Groundball, 5S, EV 68.1 MPH)
Top of the 4th over - 2 runs, 3 hits, 0 errors, 2 left on base; Los Angeles (NYP) 3 - Spokane 2
BOTTOM OF THE 4TH
Spokane Indians batting - Pitching for Los Angeles (NYP) Angels : RHP Tim Mumpower
Batting: LHB Caleb Domino 0-0: Called Strike
0-1: Called Strike
0-2: Ball
1-2: Foul Ball, location: 2F
1-2: Strikes out looking
Batting: RHB Shoh Tanioka 0-0: Ball
1-0: SOLO HOME RUN (Line Drive, 7LD, EV 96.9 MPH), Distance : 361 ft
Batting: RHB Zach Thomason 0-0: Called Strike
0-1: Ball
1-1: Swinging Strike
1-2: Strikes out swinging
Batting: SHB Brace Harper 0-0: Ball
1-0: Foul Ball, location: 2F
1-1: Ball
2-1: Called Strike
2-2: Hit by Pitch
Batting: SHB Santos Renteria 0-0: Called Strike
0-1: Ball
1-1: Ball
2-1: Ball
Brace Harper is caught stealing 2nd base 2-6
Bottom of the 4th over - 1 run, 1 hit, 0 errors, 0 left on base; Los Angeles (NYP) 3 - Spokane 3
TOP OF THE 5TH
Los Angeles (NYP) Angels batting - Pitching for Spokane Indians : LHP Chris P. Bacon
Batting: LHB Dave Hicks 0-0: Ball
1-0: Fly out, F9 (Flyball, 9LS, EV 92.5 MPH)
Batting: RHB Ricky Mejicanos 0-0: Ball
1-0: Ball
2-0: Reached on error, E5 (Groundball, 56, EV 83.8 MPH)
Batting: RHB Juan Montez 0-0: Called Strike
0-1: Ball
Ricky Mejicanos steals 2nd, throwing error, E2
Ricky Mejicanos to third
1-1: Ball
2-1: Ball
3-1: Base on Balls
Batting: LHB Matthew Bale 0-0: Swinging Strike
0-1: Ball
1-1: Called Strike
1-2: Foul Ball, location: 2F
1-2: Ball
2-2: Foul Ball, location: 2F
Pickoff Throw to First - Out! 1-3
2-2: Ball
3-2: Fly out, F9 (Flyball, 89D, EV 89.4 MPH)
Top of the 5th over - 0 runs, 0 hits, 2 errors, 1 left on base; Los Angeles (NYP) 3 - Spokane 3
BOTTOM OF THE 5TH
Spokane Indians batting - Pitching for Los Angeles (NYP) Angels : RHP Tim Mumpower
Batting: SHB Santos Renteria 0-0: Foul Ball, location: 2F
0-1: Called Strike
0-2: Ball
1-2: Ball
2-2: Strikes out swinging
Batting: RHB Danny Odom 0-0: Ball
1-0: SINGLE (Groundball, 56, EV 110.6 MPH)
Batting: LHB Gabriel Graves 0-0: Called Strike
0-1: Ball
1-1: Ball
Wild Pitch!
Danny Odom to second
2-1: Ball
3-1: Swinging Strike
3-2: Foul Ball, location: 2F
3-2: Fly out, F5 (Popup, 5F, EV 63.8 MPH)
Pitching: RHP Jamie Snyder
Batting: LHB Nick Foutz 0-0: Foul Ball, location: 2F
0-1: Called Strike
0-2: Fly out, F9 (Flyball, 89S, EV 83.1 MPH)
Bottom of the 5th over - 0 runs, 1 hit, 0 errors, 1 left on base; Los Angeles (NYP) 3 - Spokane 3
TOP OF THE 6TH
Los Angeles (NYP) Angels batting - Pitching for Spokane Indians : LHP Chris P. Bacon
Batting: RHB Phil Knox 0-0: Ball
1-0: Called Strike
1-1: Ball
2-1: Swinging Strike
2-2: Foul Ball, location: 2F
2-2: Ground out 6-3 (Groundball, 6M, EV 93.8 MPH)
Batting: RHB Dean LeCroy 0-0: Ball
1-0: Ball
2-0: Foul Ball, location: 2F
2-1: Ground out 6-3 (Groundball, 56D, EV 99.4 MPH)
Batting: RHB T.J. Gray 0-0: Called Strike
0-1: Swinging Strike
0-2: Foul Ball, location: 2F
0-2: Strikes out swinging
Top of the 6th over - 0 runs, 0 hits, 0 errors, 0 left on base; Los Angeles (NYP) 3 - Spokane 3
BOTTOM OF THE 6TH
Spokane Indians batting - Pitching for Los Angeles (NYP) Angels : RHP Jamie Snyder
Batting: SHB Devin Hottenstein 0-0: Ball
1-0: Ball
2-0: Foul Ball, location: 2F
2-1: Ball
3-1: Called Strike
3-2: Base on Balls
Pinch Runner at 1st Walter Vegter:
Batting: LHB Caleb Domino 0-0: Ball
1-0: Called Strike
1-1: Called Strike
1-2: Ground out 5-3 (Groundball, 56, EV 83.1 MPH)
Walter Vegter to second
Pinch Hitting: SHB Kaname Fujimoto 0-0: Ball
1-0: Ball
2-0: Called Strike
2-1: Ball
3-1: Base on Balls
Batting: RHB Zach Thomason 0-0: Foul Ball, location: 2F
0-1: Ball
1-1: Swinging Strike
1-2: Foul Ball, location: 2F
1-2: Foul Ball, location: 2F
1-2: Foul Ball, location: 2F
1-2: Ball
2-2: Strikes out looking
Batting: SHB Brace Harper 0-0: Called Strike
0-1: Ball
1-1: Foul Ball, location: 2F
1-2: Ball
2-2: Ball
3-2: Ground out 4-3 (Groundball, 4, EV 112.5 MPH)
Bottom of the 6th over - 0 runs, 0 hits, 0 errors, 2 left on base; Los Angeles (NYP) 3 - Spokane 3
TOP OF THE 7TH
Los Angeles (NYP) Angels batting - Pitching for Spokane Indians : LHP Chris P. Bacon
Now at 1B: Kaname Fujimoto
Now at 3B: Justin Aslinger
Batting: LHB Spencer Palmer 0-0: Foul Ball, location: 2F
0-1: Ball
1-1: SOLO HOME RUN (Flyball, 9D, EV 95.0 MPH), Distance : 365 ft
Batting: RHB Ron Major 0-0: SINGLE (Groundball, 5S, EV 76.9 MPH) (infield hit)
Batting: LHB Dave Hicks 0-0: Ball
1-0: Ball
2-0: Foul Ball, location: 2F
2-1: Ball
3-1: Foul Ball, location: 2F
3-2: SINGLE (Groundball, 23, EV 91.9 MPH) (infield hit)
Ron Major to second
Pitching: RHP Chad Steffee
Batting: RHB Ricky Mejicanos 0-0: Ground out 6-3 (Groundball, 6MD, EV 103.8 MPH)
Ron Major to third
Dave Hicks to second
Batting: RHB Juan Montez 0-0: Ball
1-0: Called Strike
1-1: Ball
2-1: Ball
3-1: Base on Balls
Pitching: LHP Nate Ciccarelli
Batting: LHB Matthew Bale 0-0: Ball
1-0: Ball
2-0: Foul Ball, location: 2F
2-1: Ball
3-1: Swinging Strike
3-2: Strikes out looking
Pitching: RHP Tyler Jack
Batting: RHB Phil Knox 0-0: Called Strike
0-1: Called Strike
0-2: DOUBLE (Flyball, 89D, EV 100.6 MPH)
Ron Major scores
Dave Hicks scores
Juan Montez to third
Runner from 3rd tries for Home, SAFE, no throw by RF
Batting: RHB Dean LeCroy 0-0: Ball
Passed Ball!
Phil Knox to third
1-0: Fly out, F7 (Flyball, 7, EV 79.4 MPH)
Top of the 7th over - 4 runs, 4 hits, 0 errors, 1 left on base; Los Angeles (NYP) 7 - Spokane 3
BOTTOM OF THE 7TH
Spokane Indians batting - Pitching for Los Angeles (NYP) Angels : RHP Jamie Snyder
Batting: SHB Santos Renteria 0-0: Ball
1-0: Ground out U3 (Groundball, 3L, EV 79.4 MPH)
Batting: RHB Danny Odom 0-0: TRIPLE (Flyball, 78XD, EV 98.1 MPH)
Batting: LHB Gabriel Graves 0-0: Called Strike
0-1: Fly out, F9 (Flyball, 9LM, EV 91.9 MPH)
Runner from 3rd tags up, SCORES, throw by RF
Batting: LHB Nick Foutz 0-0: Ball
1-0: Called Strike
1-1: Ground out U3 (Groundball, 3, EV 84.4 MPH)
Bottom of the 7th over - 1 run, 1 hit, 0 errors, 0 left on base; Los Angeles (NYP) 7 - Spokane 4
TOP OF THE 8TH
Los Angeles (NYP) Angels batting - Pitching for Spokane Indians : RHP Tyler Jack
Batting: RHB T.J. Gray 0-0: Ball
1-0: Ball
2-0: Swinging Strike
2-1: Foul Ball, location: 2F
2-2: Foul Ball, location: 2F
2-2: Strikes out swinging
Batting: LHB Spencer Palmer 0-0: Swinging Strike
0-1: Swinging Strike
0-2: Foul Ball, location: 2F
0-2: Ball
1-2: Ball
2-2: Ball
3-2: Ground out 6-3 (Groundball, 6, EV 107.5 MPH)
Batting: RHB Ron Major 0-0: Ball
1-0: Called Strike
1-1: Ball
2-1: Ball
3-1: Base on Balls
Batting: LHB Dave Hicks 0-0: Called Strike
0-1: Foul Ball, location: 2F
0-2: Fly out, F9 (Flyball, 9S, EV 87.5 MPH)
Top of the 8th over - 0 runs, 0 hits, 0 errors, 1 left on base; Los Angeles (NYP) 7 - Spokane 4
BOTTOM OF THE 8TH
Spokane Indians batting - Pitching for Los Angeles (NYP) Angels : RHP Jamie Snyder
Batting: RHB Justin Aslinger 0-0: Ball
1-0: Ball
2-0: Ball
3-0: Called Strike
3-1: Foul Ball, location: 2F
3-2: Base on Balls
Pitching: RHP Simon Vogel
Batting: LHB Caleb Domino 0-0: Swinging Strike
0-1: Swinging Strike
0-2: Strikes out swinging
Batting: SHB Kaname Fujimoto 0-0: Called Strike
0-1: Foul Ball, location: 2F
0-2: Foul Ball, location: 2F
0-2: Ball
1-2: Ball
2-2: Foul Ball, location: 2F
2-2: Ball
3-2: SINGLE (Groundball, 25, EV 73.1 MPH) (infield hit)
Justin Aslinger to second
Batting: RHB Zach Thomason 0-0: Ball
1-0: Fielders Choice at 2nd, 5-4 (Groundball, 15, EV 86.2 MPH)
Justin Aslinger to third
Batting: SHB Brace Harper 0-0: Ball
1-0: Called Strike
1-1: Ball
2-1: Ball
3-1: Foul Ball, location: 2F
3-2: Foul Ball, location: 2F
3-2: Ground out 6-3 (Groundball, 4M, EV 77.5 MPH)
Bottom of the 8th over - 0 runs, 1 hit, 0 errors, 2 left on base; Los Angeles (NYP) 7 - Spokane 4
TOP OF THE 9TH
Los Angeles (NYP) Angels batting - Pitching for Spokane Indians : RHP Tyler Jack
Batting: RHB Ricky Mejicanos 0-0: Ball
1-0: Fly out, F7 (Flyball, 7LD, EV 89.4 MPH)
Batting: RHB Juan Montez 0-0: Ball
1-0: Called Strike
1-1: SINGLE (Flyball, 8LS, EV 90.6 MPH)
Batting: LHB Matthew Bale 0-0: Called Strike
0-1: SINGLE (Line Drive, 4M, EV 101.9 MPH)
Juan Montez to second
Batting: RHB Phil Knox 0-0: Called Strike
0-1: Swinging Strike
0-2: SINGLE (Groundball, 56S, EV 69.4 MPH) (infield hit)
Juan Montez to third
Matthew Bale to second
Batting: RHB Dean LeCroy 0-0: Foul Ball, location: 2F
0-1: GRAND SLAM HOME RUN (Flyball, 78XD, EV 111.9 MPH), Distance : 435 ft
Pitching: RHP Tse-peng Kuang
Batting: RHB T.J. Gray 0-0: Called Strike
0-1: Called Strike
0-2: Ball
1-2: Foul Ball, location: 2F
1-2: Ball
2-2: SINGLE (Groundball, 4M, EV 81.9 MPH) (infield hit)
Batting: LHB Spencer Palmer 0-0: Ball
1-0: Fly out, F2 (Popup, 25F, EV 90.6 MPH)
Batting: RHB Ron Major 0-0: Called Strike
0-1: Ball
Wild Pitch!
T.J. Gray to second
1-1: Ground out 6-3 (Groundball, 6, EV 80.6 MPH)
Top of the 9th over - 4 runs, 5 hits, 0 errors, 1 left on base; Los Angeles (NYP) 11 - Spokane 4
BOTTOM OF THE 9TH
Spokane Indians batting - Pitching for Los Angeles (NYP) Angels : RHP Simon Vogel
Batting: SHB Santos Renteria 0-0: Swinging Strike
0-1: Foul Ball, location: 2F
0-2: Strikes out swinging
Pinch Hitting: RHB Justin Anastasio 0-0: Called Strike
0-1: Ball
1-1: Ball
2-1: Ball
3-1: Ground out U3 (Groundball, 3S, EV 73.8 MPH)
Batting: LHB Gabriel Graves 0-0: Called Strike
0-1: Called Strike
0-2: Foul Ball, location: 2F
0-2: Ball
1-2: Strikes out swinging
Bottom of the 9th over - 0 runs, 0 hits, 0 errors, 0 left on base; Los Angeles (NYP) 11 - Spokane 4
Thursday, December 15th , 2022 - OOTP Baseball 23.9 Build 102